 Dungeon Sprint DCSS version 0.27.0-66-gdc8fb28755 (webtiles) character file.

Game seed: 10718977467486550261

45 JuniperTheExplorer the Shield-Bearer (level 3, 0/32 HPs)
             Began as a Formicid Fighter on Aug 20, 2021.
             Slain by a gnoll shaman (9 damage)
             ... in the Dungeon (Sprint IX: "|||||||||||||||||||||||||||||").
             The game lasted 00:00:13 (37 turns).

JuniperTheExplorer the Shield-Bearer (FoFi)           Turns: 37, Time: 00:00:13

Health: 0/32       AC:  7    Str: 21    XL:     3   Next: 90%
Magic:  3/3        EV:  8    Int:  7    God:
Gold:   0          SH: 10    Dex: 10    Spells: 2/2 levels left

rFire    . . .     SeeInvis +   a - +0 quarterstaff
rCold    . . .     Faith    .   c - +0 kite shield
rNeg     . . .     Spirit   .   b - +0 scale mail
rPois    .         Reflect  .   (helmet unavailable)
rElec    .         Harm     .   (no cloak)
rCorr    .         Rampage  .   (no gloves)
Will     .....                  (no boots)
Stlth    ..........             (no amulet)
HPRegen  0.10/turn              (no ring)
MPRegen  0.08/turn              (no ring)

@: no status effects
A: permanent stasis, dig shafts and tunnels, antennae 3, four strong arms
a: Dig


You were in the Dungeon.
You visited 1 branch

Inventory:

Hand Weapons
 a - a +0 quarterstaff (weapon)
Armour
 b - a +0 scale mail (worn)
 c - a +0 kite shield (worn)
Potions
 d - a potion of might
 e - a potion of curing
 f - a potion of heal wounds
 g - 2 potions of magic


   Skills:
 + Level 4.8 Fighting
 + Level 3.4 Staves
 + Level 5.2 Armour
 + Level 0.2 Dodging
 + Level 5.6 Shields


You had 2 spell levels left.
You didn't know any spells.
Your spell library was empty.

Dungeon Overview and Level Annotations

Branches:
Dungeon (1/1)

Altars:


Innate Abilities, Weirdness & Mutations

You cannot be hasted, slowed, berserked, paralysed or teleported.
You can dig through walls and to a lower floor.
You have a pair of large antennae on your head. (SInv)
Your four strong arms can wield two-handed weapons with a shield.


Message History

You miss the hound.
The hound is severely wounded.
The hound bites you but does no damage. x2
You hit the hound.
You kill the hound!
The adder bites you.
Your Fighting skill increases to level 4!
Your Staves skill increases to level 3!
Your Armour skill gained 2 levels and is now at level 5!
Your Shields skill increases to level 5!
You have reached level 2!
You have reached level 3!
Your experience leads to an increase in your attributes!
Increase (S)trength, (I)ntelligence, or (D)exterity?
You feel stronger.
You closely miss the adder. You block the adder's attack.
You hit the adder.
The adder is heavily wounded.
The adder bites you but does no damage. You block the adder's attack.
You closely miss the adder.
The adder is heavily wounded.
You block the adder's attack. The adder bites you.
You are poisoned.
The adder poisons you!
You hit the adder.
The adder is almost dead.
You feel sick. You block the adder's attack.
You sock the adder!
You kill the adder!
You feel sick.
Your shield prevents you from hitting the gnoll shaman.
You feel sick.
The gnoll shaman hits you with a +0 whip!
The gnoll shaman closely misses you.
You hit the gnoll shaman but do no damage.
You feel sick. You block the gnoll shaman's attack.
You barely miss the gnoll shaman.
You feel sick.
You are no longer poisoned.
The gnoll shaman hits you with a +0 whip!
You die... ▓▓▓▓▓▓▓▓▓▓▓▓▓▓▓▓▓▓ +...hSg@....†...<▓ ▓▓▓▓▓▓▓▓▓▓▓▓▓▓▓▓▓▓

You could see a gnoll shaman, a hound and an adder.

Vanquished Creatures
  A hound (D)
  An adder (D)
  An endoplasm (D)
  A hobgoblin (D)
  A quokka (D)
  2 frilled lizards (D)
7 creatures vanquished.

Notes
Turn   | Place    | Note
-------+----------+-------------------------------------------
     0 | D        | JuniperTheExplorer the Formicid Fighter began the quest for
                  | the Orb.
     0 | D        | Reached XP level 1. HP: 18/18 MP: 1/1
    18 | D        | Noticed a hound
    18 | D        | Noticed a gnoll shaman
    18 | D        | Noticed a hound
    29 | D        | Killed a hound
    30 | D        | Reached skill level 5 in Armour
    30 | D        | Reached skill level 5 in Shields
    30 | D        | Reached XP level 2. HP: 22/26 MP: 2/2
    30 | D        | Reached XP level 3. HP: 26/31 MP: 3/3
    37 | D        | Slain by a gnoll shaman

Illustrated notes

Levels and vault maps discovered:
D:        linesprint [early_d, line_temple, items_1, d_10, items_2, lair_1,
          lair_end, items_3, orc_1, orc_end, items_4, d_15, swamp_1, shoals_1,
          snake_1, spider_1, d_20, vaults_1, items_5, swamp_end, shoals_end,
          snake_end, spider_end, vaults_end, d_27, items_6, zot_1, zot_end,
          crypt_end, forest_end, elf_end, slime_end, tomb_end, abyss_end,
          pan_hell_end]

Skill      XL: |  1 |
---------------+----+-----
Shields        | 5 |  5.6
Fighting       | 4 |  4.8
Staves         | 3 |  3.4
Armour         | 5 |  5.2
Dodging        | |  0.2

Action                   || total
-------------------------++-------
Melee: Quarterstaff      ||    27
Armor: Scale mail        ||     9
Dodge: Dodged            ||     9
Block: Kite shield       ||    13
